 Dungeon Crawl Stone Soup version 0.31-a0-986-g5e6e4ef867 (webtiles) character file.

Game seed: 3293807718017514004

46 ArtisticTrix the Grave Robber (level 3, -4/24 HPs)
             Began as a Mummy Necromancer on June 1, 2023.
             Slain by an iguana (7 damage)
             ... on level 5 of the Dungeon on Nov 7, 2023.
             The game lasted 00:18:43 (759 turns).

ArtisticTrix the Grave Robber (Mummy Necromancer)    Turns: 759, Time: 00:18:43

Health: -4/24      AC:  7    Str: 13    XL:     3   Next: 46%
Magic:  7/7        EV:  9    Int: 14    God:
Gold:   66         SH:  0    Dex: 12    Spells: 7/8 levels left

rFire   x . .        i - +0 dagger (venom)
rCold   + . .        (no shield)
rNeg    + + +        q - +0 scale mail
rPois   ∞            (no helmet)
rElec   .            e - +0 cloak
rCorr   .            (no gloves)
SInv    .            (no boots)
Will    .....        (no amulet) Stlth
                     (no ring)
HPRegen 0.24/turn    (no ring)
MPRegen 0.10/turn

%: faith
@: no status effects
A: cold resistance 1, negative energy resistance 3, torment resistance 2, heat
vulnerability 1, in touch with death 1, no potions, faith
a: no special abilities


You were on level 5 of the Dungeon.
You visited 1 branch of the dungeon, and saw 5 of its levels.

You collected 66 gold pieces.

Inventory:

Hand Weapons
 f - a +0 club
 i - a +0 dagger of venom (weapon)
 j - a +0 long sword
 p - a +0 morningstar
Missiles
 c - 15 stones
Armour
 a - a +0 robe
 b - a +0 scale mail
 e - a +0 cloak (worn)
 m - a +0 leather armour
 q - a +0 scale mail (worn)
 r - the +1 robe of Moral Flaws {rF+ Int-5 Slay+2}
   (You found it on level 4 of the Dungeon)

   Int-5:     It affects your intelligence (-5).
   Slay+2:    It affects your accuracy & damage with ranged weapons and melee
   (+2).
   rF+:       It protects you from fire.
Magical Staves
 k - a staff of earth
Scrolls
 d - a scroll of amnesia {unknown}
 g - a scroll of blinking {unknown}
 l - 2 scrolls of poison
Potions
 h - a potion of heal wounds {unknown}
 n - a potion of curing {unknown}
 o - a potion of magic {unknown}


   Skills:
 + Level 0.1 Fighting
 + Level 0.4 Armour
 + Level 1.8 Dodging
 + Level 1.8 Stealth
 + Level 0.1 Unarmed Combat
 + Level 3.3 Spellcasting
 + Level 4.5 Necromancy


You had 7 spell levels left.
You knew the following spells:

 Your Spells              Type           Power      Damage    Failure   Level
a - Necrotise             Necr           88%        1d8       16%         1

Your spell library contained the following spells:

 Spells                   Type           Power      Damage    Failure   Level
 Vampiric Draining        Necr           22%        2d7       43%         3
 Animate Dead             Necr           22%        N/A       83%         4
 Agony                    Necr           22%        N/A       99%         5


Dungeon Overview and Level Annotations

Branches:
Dungeon (5/15)
 Temple: D:4-7

Altars:

Shops:
D:1 [


Innate Abilities, Weirdness & Mutations

You are immune to poison.
Your flesh is cold resistant. (rC+)
You are immune to negative energy. (rN+++)
You are immune to unholy pain and torment.
You are vulnerable to heat. (rF-)
You are in touch with the powers of death.
You do not drink.
You have a special connection with the divine. (Faith)


Message History

You finish taking off your +0 scale mail.
You start putting on your armour.
You continue putting on your +0 scale mail. x5
You finish putting on your +0 scale mail.
You see here a ball python corpse.
Sorry, you're not good enough to have a special ability.
Okay, then.
Okay, then.
You can't drink.
Okay, then.
Your hound skeleton crumbles into dust!
Found a stone staircase leading up.
Found an escape hatch in the floor.
There is a stone staircase leading up here.
There is an escape hatch in the floor here.
You slide downwards.
The hatch slams shut behind you.
The iguana hisses angrily.
Found 2 fuming ruby potions.
Unknown command.
Unknown command.
Unknown command.
You hit the iguana but do no damage. The iguana bites you.
You barely miss the iguana.
The iguana bites you but does no damage.
You barely miss the iguana. The iguana misses you.
You hit the iguana.
The iguana is poisoned.
The iguana is lightly wounded.
The iguana bites you.
* * * LOW HITPOINT WARNING * * *
You hit the iguana but do no damage.
The iguana looks as sick as possible!
The iguana is moderately wounded.
The iguana closely misses you.
You hit the iguana but do no damage.
The iguana looks as sick as possible!
The iguana is moderately wounded.
The iguana bites you.
* * * LOW HITPOINT WARNING * * *
You closely miss the iguana.
The iguana is heavily wounded.
The iguana bites you!
You die...

######## #
#......#####.###
#.####..@......#
#..l....#...
#.......#
#.........#
#...........
..........#.
##.#.###.###
..#!. ... ...###
.#


You could see an iguana (extremely poisoned).

Vanquished Creatures
  A hound (D:4)
  An orc (D:3)
  2 endoplasms (D:3)
  A goblin (D:1)
  2 hobgoblins
  2 kobolds
  2 ball pythons
  A bat (D:1)
  3 frilled lizards
  2 rats (D:1)
17 creatures vanquished.

Notes
Turn   | Place    | Note
-------+----------+-------------------------------------------
     0 | D:1      | ArtisticTrix the Mummy Necromancer began the quest for the
                  | Orb.
     0 | D:1      | Reached XP level 1. HP: 13/13 MP: 4/4
   277 | D:1      | Found Joehy's Antique Armour Shop.
   444 | D:2      | Reached XP level 2. HP: 16/19 MP: 2/5
   673 | D:4      | Identified the +1 robe of Moral Flaws {rF+ Int-5 Slay+2}
   702 | D:4      | Gained mutation: You are in touch with the powers of death.
                  | [Mummy growth]
   702 | D:4      | Reached XP level 3. HP: 5/24 MP: 2/7
   702 | D:4      | Upgraded the game from 0.31-a0-128-g25add195a6 to
                  | 0.31-a0-986-g5e6e4ef867
   746 | D:5      | Entered Level 5 of the Dungeon
   759 | D:5      | Slain by an iguana

Illustrated notes

Levels and vault maps discovered:
D:1:      amcnicky_arrival_flooded_fountain, layout_basic, serial_shops,
          nicolae_shop_gibbet_a_chance, chequers_arboretum, serial_bayou_ford_a
D:2:      layout_loops_ring, uniq_jessica
D:3:      layout_rooms
D:4:      layout_cave_pods, serial_shops, shop, shop, nicolae_shop_behind_doors,
          nicolae_shop_tiny_waterfront, kennysheep_donut, serial_bayou_lagoon_b,
          uniq_pikel, uniq_ijyb, uniq_sigmund
D:5:      layout_basic, gammafunk_temple_overflow_elements,
          mainiacjoe_overflow_tiny_flanked, cheibrodos_gnoll_hut

Skill      XL: |  1  2 |
---------------+-------+-----
Spellcasting   | 3 |  3.3
Fighting       | |  0.1
Armour         | |  0.4
Dodging        | |  1.8
Stealth        | |  1.8
Unarmed Combat | |  0.1
Necromancy     | |  4.5

Action                     || total
---------------------------++-------
  Melee: Unarmed           ||    16
         Club              ||     7
         Punch             ||     1
         Dagger            ||    30
   Cast: Necrotise         ||    15
    Use: Scroll            ||     1
   Stab: Distracted        ||     1
 Armour: Scale mail        ||    37
  Dodge: Dodged            ||    26

Table legend: (Time is in decaauts)
 A = Elapsed time spent in this place.
 B = Non-inter-level travel time spent in this place.
 C = Inter-level travel time spent in this place.
 D = Time resting spent in this place.
 E = Time spent auto-exploring this place.
 F = Levels seen in this place.
 G = Mean time per level.
                   A        B        C        D        E       F      G
               +--------+--------+--------+--------+--------+-----+--------+
         Total |    769 |    260 |    509 |      0 |      0 |   5 |  153.8 |
       Dungeon |    769 |    260 |    509 |      0 |      0 |   5 |  153.8 |
               +--------+--------+--------+--------+--------+-----+--------+

Top non-repeatable levels by time:
     D:1: 433 daAuts
     D:3: 175 daAuts
     D:4: 77 daAuts
     D:2: 69 daAuts
     D:5: 12 daAuts
